 Dungeon Crawl Stone Soup version 0.26-a0-712-ga5a9c9c9d0 (webtiles) character file.

Game seed: 14033334228789391453

(classic levelgen) 4944 EnegeticOcto the Cleaver (level 10, 79/92 HPs)
             Began as a Deep Dwarf Fighter on Nov 3, 2020.
             Was a Follower of Makhleb.
             Quit the game on level 7 of the Dungeon.
             The game lasted 00:02:38 (3545 turns).

EnegeticOcto the Cleaver (Deep Dwarf Fighter)       Turns: 3545, Time: 00:02:39

Health: 79/92      AC:  9    Str: 24    XL:     10   Next: 28%
Magic:  1/1        EV: 12    Int:  8    God:    Makhleb [*.....]
Gold:   331        SH:  0    Dex: 12    Spells: 9/9 levels left

rFire    . . .     SeeInvis +   q - +3 battleaxe
rCold    . . .     Faith    .   (shield currently unavailable)
rNeg     . . .     Spirit   .   b - +0 scale mail
rPois    .         Reflect  .   n - +0 helmet
rElec    .         Harm     .   (no cloak)
rCorr    .         Rampage  .   (no gloves)
MR       +....                  (no boots)
Stlth    ..........             (no amulet)
HPRegen  0.00/turn              o - ring of see invisible
MPRegen  0.07/turn              (no ring)

@: non-regenerating
A: damage resistance, heal wounds, sense surroundings 2, no regeneration
a: Heal Wounds, Renounce Religion


You were on level 7 of the Dungeon.
You worshipped Makhleb.
Makhleb was aware of your devotion.
You visited 2 branches of the dungeon, and saw 8 of its levels.

You collected 331 gold pieces.

Inventory:

Hand Weapons
 a - a +0 war axe
 q - a +3 battleaxe (weapon)
Missiles
 r - 6 throwing nets (quivered)
Armour
 b - a +0 scale mail (worn)
 c - a +0 kite shield
 n - a +0 helmet (worn)
Jewellery
 o - a ring of see invisible (left hand)
 p - an uncursed ring of resist corrosion {unknown}
Wands
 m - a wand of iceblast (11) {@v2}
 y - a wand of paralysis (3)
Scrolls
 e - 5 scrolls of teleportation {unknown}
 f - 7 scrolls of identify {unknown}
 k - a scroll of random uselessness {unknown}
 l - 3 scrolls of remove curse {unknown}
 s - 2 scrolls of enchant armour {unknown}
 t - a scroll of holy word {unknown}
 u - 2 scrolls of amnesia {unknown}
 v - a scroll of noise {unknown}
 x - a scroll of immolation {unknown}
Potions
 d - a potion of might {@q3}
 g - a potion of heal wounds {unknown}
 h - 3 potions of curing {unknown}
 i - 3 potions of flight {unknown}
 j - a potion of lignification {unknown}
 w - 3 potions of brilliance {unknown}
 z - a potion of magic {unknown}
 A - a potion of degeneration {unknown}


   Skills:
 + Level 6.4 Fighting
 * Level 10.2 Axes
 + Level 7.7 Armour
 + Level 5.0 Dodging
 - Level 5.7 Shields
 + Level 6.4 Invocations


You had 9 spell levels left.
You didn't know any spells.
Your spell library was empty.

Dungeon Overview and Level Annotations

Branches:
Dungeon (7/15)             Temple (1/1) D:5

Altars:
Ashenzari
Cheibriados
Dithmenos
Elyvilon
Fedhas
Gozag
Hepliaklqana
Kikubaaqudgha
Makhleb
Nemelex Xobeh
Okawaru
Qazlal
Ru
Sif Muna
Trog
Uskayaw
Vehumet
Wu Jian
Xom
Yredelemnul
Zin
The Shining One

Shops:
D:5 }


Innate Abilities, Weirdness & Mutations

You are resistant to damage.
You can heal yourself by infusing magical energy.
You passively map the area around you.
You do not regenerate.


Message History

You slash Harold!
Harold is almost dead.
Harold closely misses you.
You barely miss Harold.
Harold is almost dead.
Harold casts a spell at you.
You barely resist.
Harold zaps a wand.
You resist with almost no effort.
You barely miss Harold.
Harold is almost dead.
Harold zaps a wand.
You resist with almost no effort.
You hit Harold.
Harold is almost dead.
Harold zaps a wand.
You resist with almost no effort.
You slash Harold!
You kill Harold!
Makhleb accepts your kill.
Your Axes skill increases to level 10!
Your Dodging skill increases to level 5!
No target in view!
No target in view!
No target in view!
No target in view!
No target in view!
No target in view!
No target in view!
No target in view!
No target in view!
No target in view!
No target in view!
No target in view!
No target in view!
No target in view!
r - 6 throwing nets (gained 3);
y - a wand of paralysis (3)
A - a bubbling emerald potion
Things that are here:
a +0 short sword; a +0 scale mail You open the door.
There is an open door here.
As you open the door, it creaks loudly!
There is an open door here.
You open the door.
There is an open door here.
You open the door. As you open the door, it creaks loudly!
There is an open door here.
You open the door.
There is an open door here.
A bullfrog comes into view.
The bullfrog gives a loud, deep croak!
A bullfrog is nearby!
A bullfrog is nearby!
A bullfrog is nearby!
The bullfrog hits you.
You miss the bullfrog. The bullfrog hits you.
You hit the bullfrog.
The bullfrog is lightly wounded.
The bullfrog barely misses you. The bullfrog hits you.
You hit the bullfrog.
The bullfrog is moderately wounded.
The bullfrog closely misses you.
The bullfrog hits you but does no damage.
You slash the bullfrog!
The bullfrog is almost dead.
The bullfrog closely misses you.
The bullfrog hits you but does no damage.
You miss the bullfrog.
The bullfrog is almost dead.
The bullfrog swells and bulges.
The bullfrog closely misses you. The bullfrog misses you.
You slice the bullfrog!!
You kill the bullfrog!
Makhleb accepts your kill.
No target in view!
No target in view!
No target in view!
No target in view!
The sentinel's mark upon you fades away.
You open the door.
There is an open door here.
There is an open door here.
You open the door.
Done exploring.
Done exploring.
Done exploring.
No target in view!
Done exploring.
No target in view!
No target in view!
No target in view!
No target in view!
No target in view!
No target in view!
No target in view!
No target in view!
No target in view!
No target in view!
No target in view!
No target in view!
No target in view!
Are you sure you want to abandon this character and quit the game? (Confirm with "yes".)

#..##..#######..#....#....##...##
#'###..##....#..#....#....##...##
#...'...)....#..+....#...........
#...#........#..#....'...........
##############+##....#.#######'##
............##.#....####....#..##
............#..#....# #....#....
............#.^'....# #....#....
............####@...####....#####
###.....####....#+###.#####......
..#.....# #....#......# #......
..#...((# #....'..:...# #......
+##..(..# #....#####..# #......
......### #####.....### ##....#
...(..# #.....# #....# ...)..#
#.....# #....# .)....# #.....#
#....#


There were no monsters in sight!

Vanquished Creatures
  Harold (D:7)
  Pikel (D:7)
  Joseph (D:7)
  Sigmund (D:6)
  4 sky beasts
  2 ice beasts (D:6)
  4 phantoms
  A black bear (D:6)
  2 ogres (D:7)
  A centaur (D:6)
  3 lemures (D:7)
  Blork the orc (D:5)
  4 bullfrogs
  A gnoll sergeant (D:7)
  3 scorpions
  11 killer bees (D:7)
  6 wights (D:6)
  A howler monkey (D:4)
  A centaur zombie (D:7)
  A hound (D:7)
  3 jellies
  A gnoll shaman (D:6)
  A bullfrog skeleton (D:7)
  An iguana (D:6)
  5 orc wizards
  3 worker ants
  Robin (D:4)
  3 adders
  16 gnolls
  A white imp (D:4)
  An ufetubus (D:5)
  7 oozes (D:3)
  2 adder skeletons
  4 worms
  3 dart slugs
  5 leopard geckos
  20 orcs
  A ball python (D:3)
  6 giant cockroaches
  8 goblins
  7 hobgoblins
  4 jackals (D:4)
  3 quokkas
  2 bats (D:3)
  2 frilled lizards
  11 kobolds
  5 rats
176 creatures vanquished.

Vanquished Creatures (others)
  An orc (D:4)
  3 fungi (D:3)
  7 toadstools (D:3)
11 creatures vanquished.

Grand Total: 187 creatures vanquished

Notes
Turn   | Place    | Note
-------+----------+-------------------------------------------
     0 | D:1      | EnegeticOcto the Deep Dwarf Fighter began the quest for the
                  | Orb.
     0 | D:1      | Reached XP level 1. HP: 20/20 MP: 1/1
   209 | D:1      | Reached XP level 2. HP: 27/27 MP: 2/2
   264 | D:2      | Reached skill level 3 in Axes
   264 | D:2      | Reached XP level 3. HP: 13/34 MP: 3/3
   287 | D:3      | Reached XP level 4. HP: 30/42 MP: 3/3
   597 | D:3      | Reached XP level 5. HP: 45/49 MP: 3/3
   599 | D:3      | Reached skill level 4 in Axes
   676 | D:4      | Noticed a phantom
   709 | D:4      | Killed a phantom
   709 | D:4      | Reached XP level 6. HP: 50/57 MP: 4/4
   760 | D:4      | Found a hazy altar of Hepliaklqana.
   761 | D:4      | Found a shadowy altar of Dithmenos.
   761 | D:4      | Noticed a shadow
   825 | D:4      | Reached skill level 5 in Axes
   997 | D:4      | Reached skill level 5 in Armour
   997 | D:4      | Reached XP level 7. HP: 47/64 MP: 5/5
  1046 | D:4      | Reached skill level 5 in Shields
  1150 | D:4      | Noticed Robin
  1168 | D:4      | Killed Robin
  1364 | D:5      | Entered Level 5 of the Dungeon
  1381 | D:5      | Reached skill level 6 in Axes
  1540 | D:5      | Found a shimmering altar of Xom.
  1542 | D:5      | Found a glowing silver altar of Zin.
  1544 | D:5      | Found a sacrificial altar of Ru.
  1793 | D:5      | Noticed Blork the orc
  1800 | D:5      | Killed Blork the orc
  1802 | D:5      | Found Ykkimob's Gadget Boutique.
  1918 | D:5      | Found a staircase to the Ecumenical Temple.
  1946 | Temple   | Entered the Ecumenical Temple
  2058 | Temple   | Became a worshipper of Makhleb the Destroyer
  2141 | D:6      | Reached skill level 1 in Invocations
  2141 | D:6      | Reached XP level 8. HP: 63/73 MP: 4/4
  2170 | D:6      | Reached skill level 7 in Axes
  2188 | D:6      | Reached skill level 1 in Dodging
  2189 | D:6      | Reached skill level 5 in Fighting
  2274 | D:6      | Reached skill level 8 in Axes
  2286 | D:6      | Found a sparkling altar of Nemelex Xobeh.
  2406 | D:6      | Noticed Sigmund
  2411 | D:6      | Killed Sigmund
  2411 | D:6      | Gained mutation: You passively map the area around you.
                  | [Deep Dwarf growth]
  2411 | D:6      | Reached XP level 9. HP: 57/81 MP: 6/6
  2626 | D:6      | Found a snail-covered altar of Cheibriados.
  2629 | D:6      | Found a blossoming altar of Fedhas.
  2801 | D:7      | Reached * piety under Makhleb
  2904 | D:7      | Noticed Pikel
  2915 | D:7      | Killed Pikel
  2915 | D:7      | Reached skill level 9 in Axes
  2915 | D:7      | Reached skill level 5 in Invocations
  3138 | D:7      | Noticed Joseph
  3161 | D:7      | Killed Joseph
  3180 | D:7      | Reached XP level 10. HP: 35/91 MP: 3/3
  3414 | D:7      | Noticed Harold
  3423 | D:7      | Paralysed by Harold for 3 turns
  3435 | D:7      | Killed Harold
  3435 | D:7      | Reached skill level 10 in Axes
  3435 | D:7      | Reached skill level 5 in Dodging
  3545 | D:7      | Quit the game

Illustrated notes

Levels and vault maps discovered:
D:1:      saegor_arrival_simple_a, layout_basic, serial_curves, eino_curves_04,
          eino_curves_04, minmay_misc_feat_cross
D:2:      layout_loops_corners, chequers_ecumenical_altar_lobes,
          minmay_goblin_kobold_house
D:3:      cheibrodos_fertilizer, layout_rooms, kennysheep_generic_room_8
D:4:      layout_loops_ring, riverfiend_overflow_shadow_ancestor, uniq_robin
D:5:      layout_gridville, grunt_temple_overflow_open,
          minmay_temple_entry_grid, serial_shops, nicolae_shop_crystal,
          uniq_blork_the_orc
D:6:      layout_cave_pools, gammafunk_temple_overflow_pools, st_stairs_5,
          nemelex_xobeh_ov_fountains_minmay, uniq_sigmund
D:7:      layout_gridville, uniq_pikel, uniq_joseph, uniq_harold
Temple:   regret_index_temple_waves

Skill      XL: |  1  2  3  4  5  6  7  8  9 10 |
---------------+-------------------------------+-----
Fighting       | 3 4 5 6 |  6.4
Axes           | 3 4 5 6 8 9 10 | 10.2
Armour         | 4 5 6 7 |  7.7
Shields        | 4 5 |  5.7
Invocations    | 1 3 5 6 |  6.4
Dodging        | 2 4 5 |  5.0

Action                   |  1- 3 |  4- 6 |  7- 9 | 10-12 || total
-------------------------+-------+-------+-------+-------++-------
Melee: War axe           |    53 |   188 |   183 |       ||   424
       Battleaxe         |       |       |   122 |    37 ||   159
 Abil: Heal Wounds       |     1 |     9 |    32 |     7 ||    49
Armor: Scale mail        |    22 |   103 |   198 |     7 ||   330
Dodge: Dodged            |    27 |    65 |   331 |    24 ||   447
Block: Kite shield       |    26 |   116 |   132 |       ||   274

Table legend: (Time is in decaauts)
 A = Elapsed time spent in this place.
 B = Non-inter-level travel time spent in this place.
 C = Inter-level travel time spent in this place.
 D = Time resting spent in this place.
 E = Time spent auto-exploring this place.
 F = Levels seen in this place.
 G = Mean time per level.
                   A        B        C        D        E       F      G
               +--------+--------+--------+--------+--------+-----+--------+
         Total |   3734 |   3584 |    150 |      0 |   2412 |   8 |  466.8 |
       Dungeon |   3590 |   3485 |    105 |      0 |   2317 |   7 |  512.9 |
        Temple |    143 |     98 |     45 |      0 |     95 |   1 |  143.0 |
               +--------+--------+--------+--------+--------+-----+--------+

Top non-repeatable levels by time:
     D:7: 818 daAuts
     D:4: 745 daAuts
     D:6: 648 daAuts
     D:5: 648 daAuts
     D:3: 432 daAuts
     D:1: 229 daAuts
  Temple: 143 daAuts
     D:2: 68 daAuts
